Map: Echo LE (Void)

Players

DoM

  • Race: Zerg Zerg

Puppytherapy - Winner!

  • Race: Protoss Protoss

VOD

Have the link to the VOD?

Description

Time

  • Played on: May 4, 2015, 3:52 p.m.
  • Length: 11:37
Show
View Real Time Build Order
Export as new Build Order

DoM Zerg 

Build Orders: 3 Hatch before Pool 

Get SALT Encoding   

  12  0:03  Drone  
  13  0:14  Overlord  
  13  0:20  Drone  
  14  0:23  Drone, Extractor  
  15  0:32  Drone  
  16  0:36  Drone  
  17  0:52  Hatchery  
  17  0:55  Drone  
  17  0:58  Drone  
  17  1:01  Extractor  
  18  1:11  Drone  
  19  1:25  Hatchery  
  18  1:31  Drone x2  
  20  1:42  Drone  
  21  1:47  Spawning Pool  
  20  2:01  Hatchery  
  19  2:05  Extractor  
  19  2:06  Drone  
  19  2:11  Drone  
  20  2:16  Drone x2  
  20  2:18  Drone  
  23  2:32  Drone x2  
  23  2:34  Queen  
  27  2:41  Queen  
  29  2:48  Queen  
  31  2:52  Drone  
  31  2:53  Drone  
  33  3:09  Metabolic Boost  
  33  3:12  Queen  
  35  3:14  Zergling x6  
  35  3:15  Zergling x2  
  39  3:23  Drone  
  39  3:24  Overlord  
  39  3:43  Drone x10  
  46  4:00  Overlord  
  46  4:01  Drone  
  47  4:08  Overlord x2  
  47  4:18  Queen x2  
  47  4:19  Drone x3  
  47  4:20  Drone  
  55  4:28  Drone x7  
  55  4:29  Drone x4  
  66  4:33  Drone x2  
  66  4:34  Drone  
  66  4:38  Overlord  
  69  4:39  Zergling x4  
  69  4:42  Overlord  
  69  4:53  Zergling x4  
  69  4:58  Zergling x4  
  65  5:05  Zergling x10  
  65  5:06  Zergling x2  
  68  5:08  Zergling x6  
  68  5:09  Zergling x4  
  62  5:14  Zergling x2  
  62  5:16  Zergling x2  
  62  5:27  Zergling x2  
  62  5:28  Zergling x10  
  58  5:36  Zergling x2  
  58  5:41  Drone  
  58  5:42  Drone x3, Queen x2  
  60  5:58  Queen x2  
  60  6:00  Zergling x14  
  70  6:05  Spine Crawler  
  70  6:08  Spine Crawler  
  70  6:10  Zergling x8  
  72  6:19  Spine Crawler, Zergling x2  
  72  6:22  Queen  
  72  6:23  Queen  
  76  6:27  Zergling x4  
  77  6:34  Queen x2  
  78  6:53  Drone x7  
  78  6:54  Drone x4  
  80  6:55  Overlord x3  
  79  7:06  Drone, Overlord x2  
  79  7:07  Overlord  
  80  7:15  Drone  
  80  7:16  Drone x6  
  87  7:22  Extractor  
  87  7:23  Extractor  
  87  7:24  Drone  
  87  7:25  Extractor  
  82  7:30  Drone x3  
  82  7:34  Drone x9  
  94  7:43  Overlord  
  94  7:46  Drone x8  
  94  7:47  Roach Warren  
  101  7:52  Baneling Nest  
  101  7:54  Drone  
  101  7:55  Drone x2  
  103  8:02  Drone x3  
  106  8:06  Drone x8  
  106  8:11  Zergling x10  
  119  8:14  Overlord  
  119  8:17  Drone x2  
  121  8:25  Overlord x3  
  121  8:28  Zergling x2  
  121  8:32  Lair  
  121  8:34  Drone x3  
  124  8:35  Evolution Chamber x2  
  123  8:41  Baneling x3  
  123  8:42  Zergling x8, Baneling x2  
  123  8:43  Zergling x14  
  123  8:45  Baneling  
  123  8:46  Baneling x8  
  130  8:49  Zergling x6  
  134  8:55  Zergling x4  
  134  8:56  Zergling x8  
  138  9:03  Zergling x4  
  138  9:06  Baneling  
  126  9:19  Zergling x30  
  130  9:27  Queen x3  
  130  9:29  Zergling x2  
  130  9:30  Zergling x6  
  131  9:41  Zergling x2  
  131  9:42  Zergling x6  
  129  9:49  Queen  
  123  9:53  Zergling x8  
  123  9:59  Zergling x2  
  118  10:02  Queen x2  
  118  10:03  Queen  
  118  10:04  Spine Crawler x2  
  118  10:05  Spine Crawler  
  118  10:07  Baneling x6  
  115  10:13  Zergling x2  
  115  10:14  Zergling x12  
  122  10:21  Zergling x4  
  121  10:23  Zergling x4  
  121  10:25  Queen  
  116  10:29  Zergling x2  
  116  10:31  Zergling x2  
  111  10:38  Queen  
  111  10:39  Zergling x2  
  111  10:40  Zergling x18  
  106  10:44  Zergling x2  
  106  10:45  Zergling x4  
  106  10:46  Baneling x6  
  93  10:50  Zergling x4  
  93  10:53  Zergling x4  
  97  10:58  Baneling x9  
  97  10:59  Baneling x10  
  97  11:00  Zergling x4  
  97  11:12  Zergling x2  
  97  11:13  Zergling x6  
Show
View Real Time Build Order
Export as new Build Order

Puppytherapy Protoss - Winner!

Build Orders: 1 Gate Expand 

Get SALT Encoding   

  12  0:01  Probe  
  13  0:13  Pylon  
  13  0:18  Probe  
  14  0:31  Probe (Chrono Boost)  
  14  0:35  Gateway  
  15  0:43  Probe (Chrono Boost)  
  15  0:44  Assimilator  
  16  0:52  Probe (Chrono Boost)  
  17  1:00  Probe  
  18  1:21  Nexus  
  18  1:24  Probe (Chrono Boost)  
  21  1:34  Probe (Chrono Boost)  
  22  1:41  Pylon  
  22  1:46  Cybernetics Core  
  20  1:51  Zealot  
  22  2:00  Probe (Chrono Boost)  
  24  2:09  Probe (Chrono Boost), Assimilator  
  24  2:17  Probe  
  25  2:26  Warp Gate (Chrono Boost)  
  25  2:28  Adept (Chrono Boost)  
  25  2:29  Probe  
  28  2:33  Probe  
  29  2:41  Probe  
  30  2:45  Probe  
  31  2:52  Gateway  
  31  2:53  Probe  
  31  2:55  Stalker (Chrono Boost)  
  31  2:57  Gateway  
  34  3:20  Probe x2  
  36  3:27  Gateway  
  36  3:32  Probe, Pylon  
  36  3:33  Probe  
  38  3:45  Probe (Chrono Boost)  
  37  3:49  Probe (Chrono Boost)  
  36  3:57  Probe (Chrono Boost)  
  36  3:58  Forge  
  36  4:00  Probe (Chrono Boost)  
  38  4:04  Probe (Chrono Boost)  
  38  4:06  Probe (Chrono Boost)  
  40  4:11  Adept x3  
  47  4:21  Assimilator  
  47  4:23  Pylon  
  46  4:26  Pylon  
  46  4:27  Adept x2  
  50  4:33  Zealot  
  50  4:34  Protoss Ground Weapons Level 1 (Chrono Boost)  
  50  4:36  Pylon  
  52  4:41  Probe x2  
  54  4:54  Stalker x3  
  54  4:55  Stalker  
  55  5:16  Probe x2  
  53  5:22  Adept x4  
  53  5:27  Twilight Council  
  53  5:28  Probe x2  
  57  5:40  Probe x2  
  57  5:42  Assimilator  
  49  5:45  Adept x4  
  57  5:52  Probe x2  
  57  5:53  Blink (Chrono Boost)  
  59  6:02  Adept x2  
  59  6:03  Adept  
  65  6:04  Probe  
  66  6:12  Adept  
  68  6:21  Pylon  
  68  6:22  Nexus  
  68  6:23  Pylon  
  68  6:39  Probe x2  
  70  6:40  Pylon  
  70  6:41  Adept  
  70  6:42  Adept x2  
  70  6:43  Adept  
  78  6:48  Protoss Ground Weapons Level 2 (Chrono Boost)  
  68  6:54  Probe x2  
  68  7:03  Pylon  
  68  7:09  Photon Cannon  
  68  7:10  Gateway  
  68  7:13  Gateway  
  68  7:15  Gateway  
  68  7:16  Templar Archives  
  68  7:18  Probe x2  
  70  7:24  Photon Cannon  
  69  7:30  Probe (Chrono Boost)  
  69  7:32  Probe (Chrono Boost)  
  69  7:33  Gateway  
  72  7:40  Probe (Chrono Boost)  
  72  7:42  Probe (Chrono Boost)  
  72  7:44  Gateway x2  
  74  7:48  Probe (Chrono Boost)  
  74  7:50  Probe (Chrono Boost)  
  74  7:51  Probe (Chrono Boost)  
  76  7:58  Probe (Chrono Boost)  
  78  7:59  Probe (Chrono Boost)  
  78  8:03  High Templar  
  78  8:04  High Templar x3  
  78  8:05  Pylon  
  86  8:10  Mothership Core  
  88  8:13  Archon  
  88  8:14  Archon  
  88  8:17  High Templar x2  
  88  8:19  Adept  
  94  8:21  Archon  
  94  8:27  Pylon  
  94  8:38  Adept x5, Shield Upgrade  
  104  8:47  Zealot x3  
  110  8:48  Zealot  
  112  9:02  Stalker x3  
  114  9:03  Stalker x2  
  118  9:15  Stalker x5  
  94  9:26  Stalker x2  
  94  9:27  Stalker x3  
  94  9:43  Stalker x5  
  98  9:57  Stalker x4  
  102  10:07  Stalker x3  
  102  10:09  Zealot x3  
  108  10:29  Pylon  
  108  10:40  Stalker x4  
  112  10:53  Stalker x4  
  112  10:54  Stalker  
  122  11:14  Pylon  
  122  11:15  Probe x2, Pylon  
  120  11:18  Pylon  
  117  11:29  Stalker  
  117  11:30  Stalker x7  
  117  11:31  Stalker  
Tags
 
Add a new tag
Caveats
  • Supply blocks, unpowered buildings, or Contaminate may cause inaccurate times.
  • Supply counts are checked every 10 seconds.